 Dungeon Crawl Stone Soup version 0.21.1-1-g345015fe64 (webtiles) character file.

474 Jyngge the Chopper (level 6, 0/56 HPs)
             Began as a Minotaur Fighter on June 23, 2018.
             Succumbed to a scorpion's poison
             ... on level 4 of the Dungeon.
             The game lasted 00:10:51 (3342 turns).

Jyngge the Chopper (Minotaur Fighter)               Turns: 3342, Time: 00:10:51

Health: 0/56       AC:  7    Str: 22    XL:     6   Next: 84%
Magic:  5/5        EV: 13    Int:  5    God:
Gold:   187        SH: 10    Dex: 15    Spells: 5/5 levels left

rFire    x . .     SeeInvis .   a - +0 war axe
rCold    + . .     Gourm    .   c - +0 shield
rNeg     . . .     Faith    .   b - +0 scale mail
rPois    .         Spirit   .   (helmet restricted)
rElec    .         Reflect  .   (no cloak)
rCorr    .         Harm     .   (no gloves)
MR       .....                  (no boots)
Stlth    +.........             o - amulet of magic regeneration
HPRegen  0.18/turn              k - ring of ice
MPRegen  0.34/turn              (no ring)

@: agile, lethally poisoned (0 -> -1), flying
A: retaliatory headbutt, horns 2
a: no special abilities


You were on level 4 of the Dungeon.
You were not hungry.

You visited 1 branch of the dungeon, and saw 4 of its levels.

You collected 187 gold pieces.

Inventory:

Hand Weapons
 a - a +0 war axe (weapon)
Armour
 b - a +0 scale mail (worn)
 c - a +0 shield (worn)
 t - a +0 cloak
Jewellery
 e - an uncursed ring of see invisible
 k - a ring of ice (left hand)
 o - an amulet of magic regeneration (around neck)
Scrolls
 h - 6 scrolls of identify
 i - a scroll of enchant weapon {unknown}
 j - 2 scrolls of teleportation {unknown}
 l - 4 scrolls of remove curse {unknown}
 n - a scroll of fog {unknown}
 p - a scroll of random uselessness {unknown}
 q - a scroll of enchant armour {unknown}
 r - a scroll of amnesia {unknown}
Potions
 d - 6 potions of might
 g - a potion of flight
Comestibles
 f - 5 rations
 s - 3 chunks of flesh


   Skills:
 + Level 5.1 Fighting
 + Level 6.5 Axes
 + Level 4.6 Armour
 + Level 0.6 Dodging
 + Level 0.1 Stealth
 + Level 5.1 Shields


You had 5 spell levels left.
You didn't know any spells.

Dungeon Overview and Level Annotations

Branches:
Dungeon (4/15)
 Temple: D:4-7

Altars:
Nemelex Xobeh


Innate Abilities, Weirdness & Mutations

You reflexively headbutt those who attack you in melee.
You have a pair of horns on your head.


Message History

* * * LOW HITPOINT WARNING * * *
You feel sick.
* * * LOW HITPOINT WARNING * * *
You feel sick.
Found an escape hatch in the floor.
* * * LOW HITPOINT WARNING * * *
You feel sick.
* * * LOW HITPOINT WARNING * * *
You feel sick.
There is a lethal amount of poison in your body!
* * * LOW HITPOINT WARNING * * *
You feel sick.
* * * LOW HITPOINT WARNING * * *
You feel sick.
* * * LOW HITPOINT WARNING * * *
You feel sick.
* * * LOW HITPOINT WARNING * * *
You feel sick.
Found a slimy flail.
You die...

# #.# #### .# #.#
..#######.# #.# #
...>....#.# #.#
#.##.........# ##.###
#. .... ..... ....
#)..##.#####.######.###
#.....@................
#.#.####..##.#.####.###
#..##.#.# #.#
#..##.#.####.#
...##.#......#
###.##.#..###.#
#....#..###.##
#....#.......#
#.####).#


There were no monsters in sight!

Vanquished Creatures
  An ogre (D:3)
  A scorpion (D:4)
  A hound (D:2)
  2 orc priests
  An orc wizard (D:4)
  2 worker ants
  Robin (D:2)
  4 adders
  3 gnolls (D:3)
  An ooze (D:3)
  3 dart slugs (D:1)
  2 leopard geckos (D:3)
  10 orcs
  A ball python (D:1)
  6 bats
  3 giant cockroaches
  15 hobgoblins
  4 frilled lizards
  16 goblins
  7 kobolds
  10 rats
94 creatures vanquished.

Notes
Turn   | Place    | Note
-------+----------+-------------------------------------------
     0 | D:1      | Jyngge the Minotaur Fighter began the quest for the Orb.
     0 | D:1      | Reached XP level 1. HP: 19/19 MP: 0/0
   194 | D:1      | Reached XP level 2. HP: 19/27 MP: 1/1
   573 | D:1      | Reached XP level 3. HP: 31/33 MP: 2/2
   760 | D:2      | Reached skill level 3 in Axes
   845 | D:2      | Reached XP level 4. HP: 41/41 MP: 3/3
  1158 | D:2      | Reached skill level 4 in Axes
  1512 | D:2      | Noticed Robin
  1533 | D:2      | Killed Robin
  1751 | D:2      | Found a sparkling altar of Nemelex Xobeh.
  2027 | D:3      | Reached XP level 5. HP: 47/47 MP: 4/4
  2036 | D:3      | Reached skill level 5 in Axes
  2175 | D:3      | Noticed an ogre
  2207 | D:3      | Killed an ogre
  2310 | D:3      | Reached XP level 6. HP: 53/53 MP: 5/5
  2515 | D:3      | Reached skill level 6 in Axes
  3103 | D:4      | Reached skill level 5 in Shields
  3300 | D:4      | Reached skill level 5 in Fighting
  3328 | D:4      | HP: 2/56 [poisoned by a scorpion]
  3334 | D:4      | HP: 1/56 [poisoned by a scorpion]
  3342 | D:4      | Succumbed to a scorpion's poison

Skill      XL: |  1  2  3  4  5  6 |
---------------+-------------------+-----
Fighting       | 4 5 |  5.1
Armour         | 4 |  4.6
Shields        | 4 5 |  5.1
Axes           | 3 4 5 6 |  6.5
Dodging        | |  0.6
Stealth        | |  0.1

Action                   |  1- 3 |  4- 6 || total
-------------------------+-------+-------++-------
Melee: War axe           |    73 |   122 ||   195
       Headbutt          |    12 |    24 ||    36
  Use: Potion            |       |     2 ||     2
       Scroll            |       |     1 ||     1
  Eat: Chunk             |       |     8 ||     8
Armor: Scale mail        |    34 |    49 ||    83
Dodge: Dodged            |    17 |    38 ||    55
Block: Shield            |    32 |    59 ||    91
